[Event "*** Titled Tuesday Blitz"]
[Site "Chess.com"]
[Date "2020.03.03"]
[Round "5"]
[White "Kobalia"]
[Black "aridannie"]
[Result "1-0"]
[WhiteElo "2622"]
[BlackElo "2418"]
[TimeControl "180+1"]
[EndTime "9:51:01 PST"]
[Termination "Kobalia won by resignation"]

1. e4 c5 2. Nf3 Nc6 3. Bb5 g6 4. Bxc6 dxc6 5. O-O Bg7 6. d3 e5 7. a4 a5 8. Na3 Be6 9. b3 Qc7 10. Nc4 Bxc4 11. bxc4 Nf6 12. Bd2 O-O 13. Rb1 b6 14.
Rb3 Nd7 15. Bc3 Rae8 16. Qa1 h6 17. Re1 Kh7 18. g3 Qd6 19. Nh4 f5 20. exf5 gxf5 21. Rbb1 f4 22. Re4 Qe6 23. Rbe1 Bf6 24. Nf3 Qg4 25.
Qd1 Qg7 26. Kg2 fxg3 27. hxg3 Rf7 28. Rh1 Ref8 29. Bd2 Kg8 30. Bxh6 1-0

[Event "*** Titled Tuesday Blitz"]
[Site "Chess.com"]
[Date "2020.03.03"]
[Round "5"]
[White "Artem_Sadovsky"]
[Black "rasmussvane"]
[Result "0-1"]
[WhiteElo "2591"]
[BlackElo "2885"]
[TimeControl "180+1"]
[EndTime "9:51:02 PST"]
[Termination "rasmussvane won by checkmate"]

1. Nf3 d5 2. g3 g6 3. Bg2 Bg7 4. O-O e5 5. d3 Ne7 6. c4 c6 7. cxd5 cxd5 8. Nc3 O-O 9. Bg5 Nbc6 10. Qd2 Be6 11. Bh6 f6 12. Bxg7 Kxg7 13. Rac1 Qd7 14.
a3 Rac8 15. b4 b6 16. Rfe1 Rfd8 17. Na4 Nf5 18. e3 d4 19. e4 Nd6 20. Nb2 Nb5 21. Nc4 Nc3 22. Qb2 Ne7 23. Nfd2 Bg4 24. f3 Be6 25. f4 exf4 26. gxf4 Bh3 27. Nf3 Bxg2 28.
Qxg2 Kh8 29. e5 Ned5 30. Qg3 b5 31. Nd6 Ne2+ 32. Rxe2 Rxc1+ 33. Re1 Rxe1+ 34. Nxe1 fxe5 35. fxe5 Rf8 36. Nf3 Qc6 37. Qg5 Ne3 38. Ne1 Rf1# 0-1

[Event "*** Titled Tuesday Blitz"]
[Site "Chess.com"]
[Date "2020.03.03"]
[Round "5"]
[White "Sjakkerntobi"]
[Black "tbalabayev"]
[Result "1-0"]
[WhiteElo "2271"]
[BlackElo "2440"]
[TimeControl "180+1"]
[EndTime "9:51:02 PST"]
[Termination "Sjakkerntobi won on time"]

1. e4 c5 2. Nf3 Nc6 3. d4 cxd4 4. Nxd4 Nf6 5. Nc3 e5 6. Ndb5 d6 7. Bg5 a6 8. Na3 b5 9. Bxf6 gxf6 10. Nd5 f5 11. Bd3 Be6 12. c4 Qa5+ 13. Kf1 Bxd5 14. exd5 Nd4 15. Nc2 Nxc2 16. Bxc2 e4 17. f3 Bg7 18.
fxe4 fxe4 19. Bxe4 O-O 20. Bf5 bxc4 21. Qh5 h6 22. h4 Kh8 23. Rd1 Rae8 24. Rh3 Re5 25. Rg3 Rfe8 26. Kg1 Re1+ 27. Kh2 Rxd1 28. Qxf7 Rh1+ 29. Kxh1 Qe1+ 30. Kh2 Rg8 31. Be6 1-0

[Event "*** Titled Tuesday Blitz"]
[Site "Chess.com"]
[Date "2020.03.03"]
[Round "5"]
[White "HrvojeZagreb"]
[Black "Mikhail_Golubev"]
[Result "0-1"]
[WhiteElo "2213"]
[BlackElo "2525"]
[TimeControl "180+1"]
[EndTime "9:51:03 PST"]
[Termination "Mikhail_Golubev won by checkmate"]

1. d4 Nf6 2. Bf4 d6 3. Nc3 Nbd7 4. Nf3 c5 5. d5 b5 6. Nxb5 Rb8 7. c4 a6 8. Nc3 Rxb2 9. Rb1 Rxb1 10. Qxb1 g6 11. e4 Bg7 12. Bd3 Ng4 13. Bd2 O-O 14. O-O Nde5 15.
Nxe5 Bxe5 16. g3 e6 17. f4 Bd4+ 18. Kh1 Nf2+ 19. Kg2 Nxd3 20. Qxd3 f5 21. Ne2 fxe4 22. Qxe4 exd5 23. Qxd5+ Rf7 24. Nxd4 Bb7 25. Nc6 Qd7 26. Kg1 Bxc6 27. Qd3 Qh3 28. Qe2 Re7 29. Qf2 h5 30. Re1 Rxe1+ 31. Bxe1 Qe6 32. Qc2 Qxe1# 0-1

[Event "*** Titled Tuesday Blitz"]
[Site "Chess.com"]
[Date "2020.03.03"]
[Round "5"]
[White "MergenKakabaev"]
[Black "bascheyaro"]
[Result "1-0"]
[WhiteElo "2497"]
[BlackElo "2743"]
[TimeControl "180+1"]
[EndTime "9:51:05 PST"]
[Termination "MergenKakabaev won by checkmate"]

1. e4 e6 2. d4 d5 3. e5 c5 4. c3 Qb6 5. Nf3 Bd7 6. a3 Bb5 7.
g3 Bxf1 8. Kxf1 Nc6 9. Kg2 h5 10.
h4 Nh6 11. b4 cxd4 12. Bxh6 Rxh6 13. cxd4 a5 14. bxa5 Nxa5 15. Nc3 Qc6 16. Qd3 Qc4 17. Qxc4 Nxc4 18. a4 b6 19. Nb5 Kd7 20. Rhc1 Bb4 21.
Ng5 Rf8 22. Rc2 f6 23. Nf3 Ra8 24. Re2 Rg6 25. Rea2 Rg4 26. Rb1 Ba5 27. Na3 fxe5 28. Nxc4 dxc4 29. Nxe5+ Kd6 30. Nxg4 hxg4 31. Rb5 c3 32.
Rc2 Rc8 33. Rg5 Rc4 34. Rxg4 Rxa4 35. h5 b5 36. Rxg7 Rxd4 37. h6 Rd5 38. g4 Rd2 39. h7 Rxc2 40. h8=Q Bb6 41. Qb8+ Kc5 42. Qe5+ Kc4 43. Qe4+ Kb3 44. Qxe6+ Kb2 45. Qxb6 Rd2 46. Qxb5+ Kc1 47. Rc7 c2 48. Qf1+ Kb2 49. Rb7+ Kc3 50. Qc1 Rd3 51. Rc7+ Kd4 52. Qxc2 Ke4 53. Qxd3+ Kf4 54. Qf3+ Kg5 55. Qf5+ Kh4 56. Rh7# 1-0

[Event "*** Titled Tuesday Blitz"]
[Site "Chess.com"]
[Date "2020.03.03"]
[Round "5"]
[White "malandragem"]
[Black "INDIAN-ELEPHANT"]
[Result "1-0"]
[WhiteElo "2588"]
[BlackElo "2724"]
[TimeControl "180+1"]
[EndTime "9:51:06 PST"]
[Termination "malandragem won by resignation"]

1. e4 e5 2. Nf3 Nc6 3. Bc4 Bc5 4. O-O Nf6 5. d3 O-O 6. c3 Bb6 7. Bb3 h6 8. Nbd2 d6 9. Re1 Ne7 10. Nf1 Nc6 11. Ng3 Ne7 12. h3 c6 13. d4 Ng6 14.
Be3 Re8 15. Bc2 Qc7 16. Qd2 exd4 17. cxd4 Be6 18. a4 a5 19. Rac1 Rad8 20. Bxh6 gxh6 21.
Qxh6 Qe7 22. Nf5 Qf8 23. Qg5 Nh7 24. Qg3 Kh8 25. Rcd1 d5 26. e5 Bxf5 27. Bxf5 Qh6 28. e6 Nf4 29. Ne5 Ng5 30. h4 Nfxe6 31. hxg5 Nxg5 32.
Qxg5 Qxg5 33. Nxf7+ Kg7 34. Nxg5 Rxe1+ 35. Rxe1 Kf6 36.
Ne6 Re8 37. Re3 Bxd4 38. Nxd4 1-0

[Event "*** Titled Tuesday Blitz"]
[Site "Chess.com"]
[Date "2020.03.03"]
[Round "5"]
[White "RojonR"]
[Black "SHIVACalypso"]
[Result "1-0"]
[WhiteElo "2392"]
[BlackElo "2190"]
[TimeControl "180+1"]
[EndTime "9:51:07 PST"]
[Termination "RojonR won by resignation"]

1. e4 e6 2. d4 d5 3. e5 c5 4. c3 Nc6 5. Nf3 Qb6 6. Na3 cxd4 7. cxd4 Bxa3 8. bxa3 f6 9. Bd3 fxe5 10.
dxe5 Qa5+ 11. Qd2 Qxd2+ 12. Bxd2 Bd7 13. Rb1 b6 14. O-O Nge7 15. Rfc1 g6 16. Bg5 Rf8 17. Rb2 Rc8 18. Rbc2 Kf7 19. Bb5 Nb8 20. Bxd7 Nxd7 21.
Rc7 Rfd8 22. Nd4 Rxc7 23. Rxc7 h6 24. Bxe7 Kxe7 25. Nc6+ Ke8 26. Nxd8 Kxd8 27. Rxa7 Kc8 28. f4 g5 29. g3 gxf4 30. gxf4 1-0

[Event "*** Titled Tuesday Blitz"]
[Site "Chess.com"]
[Date "2020.03.03"]
[Round "5"]
[White "Peroncio"]
[Black "MishkaFighter"]
[Result "0-1"]
[WhiteElo "2646"]
[BlackElo "2504"]
[TimeControl "180+1"]
[EndTime "9:51:08 PST"]
[Termination "MishkaFighter won by resignation"]

1. Nf3 g6 2. d4 Nf6 3. Bg5 Bg7 4. Nbd2 O-O 5. e4 d6 6. Bd3 Nc6 7. c3 e5 8. O-O h6 9. Bh4 Qe8 10. Re1 Nh5 11. Bb5 a6 12. Ba4 b5 13. Bb3 exd4 14.
cxd4 Nxd4 15. Nxd4 Bxd4 16. a4 Bxb2 17. Ra2 Bg7 18.
Qc2 g5 19. Bg3 Nxg3 20. hxg3 c5 21. axb5 Qxb5 22. Bd5 Ra7 23. Nc4 Rd8 24. Rb1 Qe8 25. Rb8 Be6 26. Nxd6 Qe7 27. Rxd8+ Qxd8 28. Bxe6 fxe6 29.
Nc4 Bd4 30. e5 Kg7 31. Qb3 Rf7 32. Qb6 Qd5 33. Qxa6 Bxf2+ 34. Rxf2 Qd1+ 35. Kh2 Rxf2 36. Nd6 Qd5 37. Qa7+ Kg6 38. Ne4 0-1

[Event "*** Titled Tuesday Blitz"]
[Site "Chess.com"]
[Date "2020.03.03"]
[Round "5"]
[White "DonBroca"]
[Black "Chessmatus"]
[Result "0-1"]
[WhiteElo "2067"]
[BlackElo "2382"]
[TimeControl "180+1"]
[EndTime "9:51:16 PST"]
[Termination "Chessmatus won by checkmate"]

1. e4 c5 2. Nf3 d6 3. d4 cxd4 4. Nxd4 Nf6 5. Nc3 a6 6. Bg5 Nbd7 7. f4 Qc7 8. Qf3 h6 9. Bh4 g5 10.
fxg5 hxg5 11. Bxg5 Qc5 12. Bxf6 Nxf6 13. Nf5 e6 14.
Ne3 Bh6 15. Ng4 Nxg4 16. Qxg4 Qb4 17. Rb1 Bd7 18. Bd3 Qc5 19. Qf3 O-O-O 20. Rf1 Rhg8 21.
g3 f5 22. exf5 exf5 23. Bxf5 Rde8+ 24. Kd1 Rg7 25. Ne4 Qe5 26. Bxd7+ Rxd7 27. Nc3 Rde7 28.
a3 Qe1+ 29. Rxe1 Rxe1# 0-1

[Event "*** Titled Tuesday Blitz"]
[Site "Chess.com"]
[Date "2020.03.03"]
[Round "5"]
[White "Danfii"]
[Black "Funkmaus"]
[Result "1-0"]
[WhiteElo "2396"]
[BlackElo "2223"]
[TimeControl "180+1"]
[EndTime "9:51:18 PST"]
[Termination "Danfii won by resignation"]

1. e4 c6 2. d4 d5 3. e5 Bf5 4. Nf3 e6 5. Be2 h5 6. O-O c5 7.
Be3 Nc6 8. dxc5 Nh6 9. c3 h4 10. Bd4 h3 11. g3 Be4 12. Nbd2 Nf5 13. Bb5 Qc7 14. Re1 Bxf3 15. Nxf3 Be7 16. Bd3 g6 17. a3 O-O-O 18. b4 Ncxd4 19. cxd4 f6 20. Qa4 Kb8 21. b5 fxe5 22. Nxe5 Bf6 23. b6 axb6 24. cxb6 Qxb6 25. Rab1 Qc7 26. Rec1 Qd6 27. Nc6+ Kc7 28. Nxd8+ Kxd8 29. Qa8+ Ke7 30. Rxb7+ 1-0

[Event "*** Titled Tuesday Blitz"]
[Site "Chess.com"]
[Date "2020.03.03"]
[Round "5"]
[White "Sashadav97"]
[Black "piscatorox"]
[Result "1-0"]
[WhiteElo "2573"]
[BlackElo "2271"]
[TimeControl "180+1"]
[EndTime "9:51:22 PST"]
[Termination "Sashadav97 won on time"]

1. d4 Nf6 2. c4 g6 3. Nc3 Bg7 4. e4 d6 5. Nf3 O-O 6. Be2 Nbd7 7. O-O e5 8. Be3 Ng4 9. Bg5 f6 10. Bh4 g5 11. Bg3 Nh6 12. dxe5 fxe5 13. Nd2 Nf6 14. b4 Nf7 15. Nd5 c6 16. Ne3 Be6 17. b5 Qc7 18. a4 Rad8 19. Qc2 h5 20. h4 Ng4 21. Bxg4 hxg4 22. h5 Nh6 23. c5 Qf7 24. bxc6 bxc6 25. cxd6 Rxd6 26. Ndc4 Rd4 27. Nxe5 Qxh5 28.
Nxc6 Nf7 29. e5 Rd7 30. Rad1 Rc7 31. Rd6 Nxe5 32. Rxe6 Rfc8 33. Bxe5 Bxe5 34. Rxe5 Rxc6 35.
Qf5 Rh6 36. Qxg5+ Qxg5 37. Rxg5+ Kh8 38. Rxg4 Ra6 39. g3 Rc3 40. Kg2 Ra3 41. Rh1+ 1-0

[Event "*** Titled Tuesday Blitz"]
[Site "Chess.com"]
[Date "2020.03.03"]
[Round "5"]
[White "ChristianAlm"]
[Black "PotapovaM"]
[Result "0-1"]
[WhiteElo "2349"]
[BlackElo "2560"]
[TimeControl "180+1"]
[EndTime "9:51:22 PST"]
[Termination "PotapovaM won by resignation"]

1. e4 c5 2. Nf3 d6 3. d4 cxd4 4.
c3 dxc3 5. Bc4 e6 6. O-O Nf6 7. Qe2 c2 8. Nc3 Be7 9. Bf4 O-O 10. Rac1 Nc6 11. Rxc2 a6 12. a4 Qc7 13. Rfc1 Bd7 14. e5 dxe5 15. Nxe5 Nd4 16. Qd2 Nxc2 17. Rxc2 Qd8 18.
Qe2 Bc6 19. Rd2 Bd5 20. Nxd5 exd5 21. Bd3 Rc8 22. Rd1 g6 23. Qf3 Qb6 24. Bg5 Qe6 25.
Re1 Ne4 26. Bf4 f5 27. g3 Bf6 28. Qe3 Bxe5 29. Bxe5 Qxe5 30. f3 Rfd8 31. fxe4 dxe4 32.
Bf1 Qd4 0-1

[Event "*** Titled Tuesday Blitz"]
[Site "Chess.com"]
[Date "2020.03.03"]
[Round "5"]
[White "MITerryble"]
[Black "Andrei_Belozerov"]
[Result "1-0"]
[WhiteElo "2924"]
[BlackElo "2640"]
[TimeControl "180+1"]
[EndTime "9:51:25 PST"]
[Termination "MITerryble won by checkmate"]

1. e4 c5 2. Nf3 d6 3. Bb5+ Nd7 4. d4 cxd4 5. Qxd4 a6 6. Bxd7+ Bxd7 7. O-O Rc8 8. Bg5 h6 9. Bh4 Qc7 10. Nc3 Nf6 11.
e5 dxe5 12. Nxe5 Qc5 13. Qxc5 Rxc5 14. Bxf6 gxf6 15. Nxd7 Kxd7 16. Rad1+ Kc8 17. Rd2 e6 18. Ne4 Rc7 19. Rfd1 Be7 20. c3 f5 21. Nd6+ Bxd6 22. Rxd6 h5 23. Kf1 h4 24. h3 Rc4 25. Rd7 Rc7 26.
R7d4 Rc5 27. a4 a5 28. Ke2 Rg8 29. Kf3 Rh8 30. R1d2 Rh7 31. Rd8+ Kc7 32. R2d7+ Kc6 33. Re7 b5 34. Rc8+ Kd6 35. Rd7+ Kxd7 36. Rxc5 bxa4 37. Rxa5 Kc6 38. Rxa4 f6 39. Rc4+ Kd5 40. Rd4+ Ke5 41. Ke3 Rb7 42. f4# 1-0

[Event "*** Titled Tuesday Blitz"]
[Site "Chess.com"]
[Date "2020.03.03"]
[Round "5"]
[White "nonscitis"]
[Black "ural58"]
[Result "1-0"]
[WhiteElo "2624"]
[BlackElo "2419"]
[TimeControl "180+1"]
[EndTime "9:51:25 PST"]
[Termination "nonscitis won by resignation"]

1. d4 d5 2. c4 e5 3. dxe5 d4 4. Nf3 Nc6 5. g3 Nge7 6. Bg2 Ng6 7. Bg5 Qd7 8. O-O h6 9. Bf4 Nxf4 10. gxf4 Qf5 11.
Nxd4 Nxd4 12. Qxd4 Be7 13. Qe4 Qh5 14. Bf3 Bg4 15.
Bxg4 Qxg4+ 16. Kh1 O-O 17. Nc3 c6 18. Rg1 Qh4 19.
Rg3 Rfd8 20. Rag1 Bf8 21. f5 Qxe4+ 22. Nxe4 Rd4 23. Rg4 Rad8 24. e3 Rd1 25. Rxd1 Rxd1+ 26. Rg1 Rd3 27. Kg2 b5 28. cxb5 cxb5 29. Kf3 a5 30.
Ke2 Rd8 31. Rd1 Re8 32. f4 Be7 33.
Nd6 Rb8 34. Rd5 b4 35. Rxa5 b3 36. axb3 Rxb3 37. Ra8+ Bf8 38. e6 Rxb2+ 39. Kf3 fxe6 40. fxe6 1-0

[Event "*** Titled Tuesday Blitz"]
[Site "Chess.com"]
[Date "2020.03.03"]
[Round "5"]
[White "Vusatiuk_Vladimir"]
[Black "MaxLeto"]
[Result "1-0"]
[WhiteElo "2281"]
[BlackElo "2398"]
[TimeControl "180+1"]
[EndTime "9:51:26 PST"]
[Termination "Vusatiuk_Vladimir won on time"]

1. e4 c5 2. Nf3 d6 3. d4 cxd4 4.
Qxd4 a6 5. Be2 Nc6 6. Qe3 Nf6 7. O-O g6 8. c4 Bg7 9. Nc3 O-O 10. Rd1 Ng4 11. Qf4 Bxc3 12. bxc3 Qb6 13. Ng5 Nce5 14. h3 Nf6 15. Be3 Qc7 16. Bd4 Be6 17. c5 Nfd7 18. Qh4 Nf6 19. cxd6 exd6 20. f4 Ned7 21. e5 dxe5 22.
fxe5 Nxe5 23. Rf1 Bf5 24. Qg3 Rae8 25. Rxf5 gxf5 26. Ne6+ Ng6 27. Nxc7 1-0

[Event "*** Titled Tuesday Blitz"]
[Site "Chess.com"]
[Date "2020.03.03"]
[Round "5"]
[White "Martins-BR"]
[Black "silverback96"]
[Result "1/2-1/2"]
[WhiteElo "2318"]
[BlackElo "1931"]
[TimeControl "180+1"]
[EndTime "9:51:28 PST"]
[Termination "Game drawn by repetition"]

1. e4 c6 2. d4 d5 3. Nc3 dxe4 4. Nxe4 Nf6 5. Nxf6+ exf6 6. c3 Bd6 7. Bd3 O-O 8. Ne2 Re8 9. Be3 Nd7 10. Qc2 h5 11. Ng3 Qa5 12. Nf5 Bf4 13. O-O Bxe3 14. fxe3 Nf8 15.
e4 Qc7 16. b4 Ne6 17. Qf2 Ng5 18. Qh4 a5 19. a3 axb4 20. axb4 Rxa1 21. Rxa1 Bxf5 22. exf5 Qe7 23. Qf2 h4 24. h3 Ne4 25.
Bxe4 Qxe4 26. Ra7 Qb1+ 27. Kh2 Qe4 28. Rxb7 c5 29. Rd7 cxb4 30. cxb4 Qb1 31. Qxh4 Qxb4 32.
Qh5 Qb8+ 33. Kg1 Qb1+ 34. Kh2 Qb8+ 35. Kg1 Qb1+ 36. Kh2 Qb8+ 1/2-1/2

[Event "*** Titled Tuesday Blitz"]
[Site "Chess.com"]
[Date "2020.03.03"]
[Round "5"]
[White "Chigorinetz"]
[Black "ajian"]
[Result "1-0"]
[WhiteElo "2576"]
[BlackElo "2283"]
[TimeControl "180+1"]
[EndTime "9:51:31 PST"]
[Termination "Chigorinetz won by resignation"]

1. e4 c5 2. Nc3 Nc6 3. Nge2 Nf6 4.
g3 e6 5. Bg2 d5 6. exd5 exd5 7.
d4 cxd4 8. Nxd4 Be7 9. O-O O-O 10.
h3 Be6 11. Re1 Qd7 12. Nxe6 fxe6 13. Qe2 Nd4 14. Qd3 Bc5 15. Be3 e5 16. Kh2 Rad8 17. a3 Bb6 18. Rf1 Kh8 19. Rae1 Qd6 20. Bxd4 Bxd4 21. Nb5 Qb6 22. Nxd4 exd4 23. b3 Qc5 24. b4 Qc4 25. Rd1 Rfe8 26. Bf3 Ne4 27. Qxd4 Qxc2 28. Kg2 b6 29. Rfe1 Qc6 30. Bxe4 dxe4 31. Qxd8 e3+ 32.
Qd5 Qf6 33. Rxe3 Rf8 34. Rf3 Qe7 35. Rxf8+ Qxf8 36. Qd8 1-0

[Event "*** Titled Tuesday Blitz"]
[Site "Chess.com"]
[Date "2020.03.03"]
[Round "5"]
[White "rogapa"]
[Black "Gahan-MG"]
[Result "1-0"]
[WhiteElo "2751"]
[BlackElo "2473"]
[TimeControl "180+1"]
[EndTime "9:51:34 PST"]
[Termination "rogapa won by checkmate"]

1. e4 c5 2. Nf3 e6 3. d4 cxd4 4.
Nxd4 a6 5. Nc3 b5 6. Bd3 Qb6 7. Nf3 Qc7 8. O-O Bb7 9. Ne2 d6 10. Bf4 Nd7 11. a4 b4 12. c3 Ngf6 13. cxb4 Nxe4 14.
Rc1 Qb6 15. b5 a5 16. Qc2 Ndc5 17. Be3 f5 18. Ned4 Bd5 19. Bc4 Bxc4 20. Qxc4 d5 21. Qc2 Qd6 22. Nc6 Nd7 23. b6 Ndc5 24. Nfe5 Nb7 25.
Qb3 g5 26. Qb5 Bg7 27. Nxa5+ Ke7 28. Rc7+ Kf6 29. Rf7+ Kxe5 30. f4+ gxf4 31. Bxf4+ Kd4 32. Nb3# 1-0

[Event "*** Titled Tuesday Blitz"]
[Site "Chess.com"]
[Date "2020.03.03"]
[Round "5"]
[White "Saloni1299"]
[Black "Sordis"]
[Result "1-0"]
[WhiteElo "2062"]
[BlackElo "2361"]
[TimeControl "180+1"]
[EndTime "9:51:34 PST"]
[Termination "Saloni1299 won by checkmate"]

1. e4 c6 2. d4 d5 3. e5 Bf5 4.
h4 h5 5. Bd3 Bxd3 6. Qxd3 e6 7.
Bg5 Qa5+ 8. Nd2 Qa6 9. c4 Ne7 10. b3 Nd7 11. Ne2 O-O-O 12. O-O dxc4 13. Nxc4 Kb8 14.
Qc2 f6 15. exf6 gxf6 16. Bf4+ Ka8 17. Nd6 Nd5 18. Nf7 Be7 19. Nxh8 Rxh8 20. Qc4 Qb6 21. Bg3 Rg8 22. Nf4 Rg4 23. Nxe6 Ne5 24. Qe2 Ng6 25. Qf3 Nxh4 26. Bxh4 Rxh4 27. g3 Rg4 28. Qf5 a6 29. Qxh5 Re4 30. Rae1 Rxe1 31. Rxe1 Bb4 32.
Qe8+ Ka7 33. Rf1 Qa5 34. Qd7 Qxa2 35. Nd8 Nc7 36. Qxc7 Qxb3 37. Qxb7# 1-0

[Event "*** Titled Tuesday Blitz"]
[Site "Chess.com"]
[Date "2020.03.03"]
[Round "5"]
[White "Firouzja2003"]
[Black "Alexander_Moskalenko"]
[Result "1/2-1/2"]
[WhiteElo "3073"]
[BlackElo "2839"]
[TimeControl "180+1"]
[EndTime "9:51:35 PST"]
[Termination "Game drawn by repetition"]

1. c4 e6 2. Nf3 d5 3. g3 Nf6 4.
Bg2 Be7 5. O-O O-O 6. b3 c5 7. Bb2 b6 8. d4 Bb7 9. dxc5 dxc4 10.
Qxd8 Rxd8 11. cxb6 axb6 12. bxc4 Ra4 13. Nbd2 Ne4 14.
Nxe4 Bxe4 15. Rfc1 Nd7 16. Nd4 Bxg2 17. Kxg2 Rc8 18.
Rd1 Bf6 19. Rd2 Raxc4 20. Rad1 Ra4 21. a3 h5 22. Nb5 Bxb2 23. Rxb2 Nf6 24. Rd3 g5 25.
Nd6 Rc6 26. Rb5 Ra5 27. Rxa5 bxa5 28. Nb7 a4 29. Rd4 Rc2 30. Kf1 Rc1+ 31. Kg2 Rc2 32. Kf1 Rc1+ 33. Kg2 Rc2 1/2-1/2

[Event "*** Titled Tuesday Blitz"]
[Site "Chess.com"]
[Date "2020.03.03"]
[Round "5"]
[White "Safar_From_Afar"]
[Black "GelmanAlexander"]
[Result "0-1"]
[WhiteElo "2135"]
[BlackElo "2467"]
[TimeControl "180+1"]
[EndTime "9:51:37 PST"]
[Termination "GelmanAlexander won by resignation"]

1. e4 c5 2. Nc3 e6 3. Nf3 a6 4. d4 cxd4 5. Nxd4 d6 6. Bd3 Qb6 7. Nb3 Nf6 8. Be3 Qc7 9. f4 Nbd7 10. Qf3 b5 11. a3 Bb7 12. g4 d5 13. g5 dxe4 14. Nxe4 Nxe4 15. Bxe4 Bxe4 16. Qxe4 Rc8 17.
Nd4 Bc5 18. O-O O-O 19. c3 Nb6 20. f5 exf5 21. Rxf5 Nc4 22. Bf2 Nd6 23. Qh4 Bxd4 24. g6 Bxf2+ 25. Rxf2 fxg6 26. Raf1 Qc5 27. Kh1 Rxf2 28.
Rxf2 Nf5 29. Qf4 Re8 30. Rd2 Qc6+ 31. Kg1 Qc5+ 32. Kh1 h6 33. b4 Qxc3 34. Rd7 0-1

[Event "*** Titled Tuesday Blitz"]
[Site "Chess.com"]
[Date "2020.03.03"]
[Round "5"]
[White "mitrabhaa"]
[Black "GMSrinath"]
[Result "0-1"]
[WhiteElo "2633"]
[BlackElo "2874"]
[TimeControl "180+1"]
[EndTime "9:51:38 PST"]
[Termination "GMSrinath won by resignation"]

1. d4 Nf6 2. Nf3 d5 3. c4 e6 4. g3 Be7 5. Bg2 O-O 6. O-O dxc4 7. Qc2 a6 8. a4 Bd7 9. Bg5 Bc6 10. Nbd2 b5 11. b3 cxb3 12. Nxb3 Be4 13. Qc1 Nbd7 14. Na5 c5 15. Nb3 c4 16. Nbd2 Bb7 17. Qb2 c3 18.
Qxc3 Nd5 19. Bxe7 Nxc3 20. Bxd8 Nxe2+ 21. Kh1 Rfxd8 22. Ra3 b4 23. Re3 Nc3 24. Nb3 a5 25. Ne5 Bxg2+ 26. Kxg2 Nxe5 27. Rxe5 Nxa4 28. Ra1 Nc3 29.
Raxa5 Rxa5 30. Rxa5 Nd5 31. Kf3 g6 32. Ke4 Kg7 33.
Nc5 Kf6 34. Ra7 Nc3+ 35. Ke3 Nd1+ 36. Kf3 Rxd4 37. Nd7+ Kg7 38. Ne5 Kf6 39. Nd7+ Kg7 40.
Ne5 b3 41. Rxf7+ Kg8 42. Rb7 b2 43. g4 Rd2 44. Kg3 Nc3 45. Rb8+ Kg7 46. Rb7+ Kf8 47. Rb8+ Ke7 48. Rb7+ Kd8 49. Nc4 Rd3+ 0-1

[Event "*** Titled Tuesday Blitz"]
[Site "Chess.com"]
[Date "2020.03.03"]
[Round "5"]
[White "Korona_91"]
[Black "yoolund"]
[Result "1-0"]
[WhiteElo "2440"]
[BlackElo "2616"]
[TimeControl "180+1"]
[EndTime "9:51:38 PST"]
[Termination "Korona_91 won on time"]

1. e4 g6 2. d4 Bg7 3. Nc3 d6 4. Nf3 a6 5. a4 b6 6. h3 e6 7. Be2 Ne7 8. O-O Nd7 9. Be3 Bb7 10.
Qd2 h6 11. b4 d5 12. exd5 exd5 13. Rfe1 Nf6 14. b5 Ne4 15. Qd3 O-O 16. Ne5 Nf5 17.
Bg4 Nxe3 18. Rxe3 Bxe5 19. dxe5 Nxc3 20. e6 Ne4 21. exf7+ Kxf7 22. f3 Nf6 23. Be6+ Kg7 24. Rae1 Qd6 25. f4 Rae8 26. bxa6 Bc6 27. f5 g5 28. h4 Ne4 29. Qd4+ Rf6 30. c4 dxc4 31.
Rxe4 Bxe4 32. Qxe4 Qc5+ 33. Kh1 Qa5 34. Rd1 Re7 35.
Qg4 Qxa4 36. hxg5 Rfxe6 37. fxe6 Kg6 38. gxh6+ Kxh6 39. Rd5 1-0

[Event "*** Titled Tuesday Blitz"]
[Site "Chess.com"]
[Date "2020.03.03"]
[Round "5"]
[White "Vugar_Manafov"]
[Black "TBergh98"]
[Result "1-0"]
[WhiteElo "2586"]
[BlackElo "2320"]
[TimeControl "180+1"]
[EndTime "9:51:38 PST"]
[Termination "Vugar_Manafov won by checkmate"]

1. d4 d6 2. c4 e5 3. Nf3 e4 4.
Nfd2 f5 5. e3 Nf6 6. Nc3 g6 7.
b4 Bg7 8. Be2 O-O 9. a4 c6 10.
Nb3 Na6 11. Ba3 Nc7 12. b5 Re8 13. a5 a6 14. O-O d5 15. bxc6 bxc6 16. cxd5 Ncxd5 17. Rc1 Be6 18. Nc5 Nxc3 19. Rxc3 Bd5 20. Qa4 Nd7 21.
Nxa6 Kh8 22. Rb1 Qh4 23. Nc7 Reb8 24. Nxa8 Rxb1+ 25. Rc1 Rxc1+ 26. Bxc1 Qd8 27. Nb6 Nxb6 28. axb6 h5 29. b7 c5 30. Ba6 cxd4 31. exd4 Bxb7 32.
Bxb7 Qc7 33. Bc6 Qb6 34. Bd5 Bxd4 35. Qe8+ Kg7 36. Qf7+ Kh8 37. Qg8# 1-0

[Event "*** Titled Tuesday Blitz"]
[Site "Chess.com"]
[Date "2020.03.03"]
[Round "5"]
[White "chigorin28"]
[Black "champ2005"]
[Result "1-0"]
[WhiteElo "2681"]
[BlackElo "2973"]
[TimeControl "180+1"]
[EndTime "9:51:40 PST"]
[Termination "chigorin28 won by resignation"]

1. e4 c5 2. Nf3 Nc6 3. c3 Qa5 4. Bd3 Nf6 5. O-O d6 6. Re1 Bg4 7. h3 Ne5 8. Be2 Bxf3 9. Bxf3 c4 10. Be2 Nxe4 11. Bf1 Nc5 12. b4 cxb3 13. d4 bxa2 14. Na3 Qxc3 15. Rxa2 Ned3 16. dxc5 Qxe1 17. Qxd3 Qxc1 18. Rc2 Qf4 19. Qb5+ Kd8 20. cxd6 Qxd6 21. Qxb7 Rb8 22. Qxa7 e6 23. Nc4 Qc7 24. Rd2+ Kc8 25. Qa6+ Rb7 26. g3 Bb4 27. Rc2 Kd8 28. Ne5 Bc5 29.
Nc6+ Kd7 30. Rxc5 Rb6 31. Qc4 Rxc6 32. Qa4 Rb8 33. Bg2 Rb1+ 34. Kh2 Rb6 35. Ra5 Ke7 36.
Bxc6 Qxc6 37. Ra7+ Kd6 38. Qd4+ Qd5 39. Qxb6+ Ke5 40.
Ra5 1-0

[Event "*** Titled Tuesday Blitz"]
[Site "Chess.com"]
[Date "2020.03.03"]
[Round "5"]
[White "Rubinstein_Akiba"]
[Black "Msb2"]
[Result "0-1"]
[WhiteElo "2587"]
[BlackElo "2864"]
[TimeControl "180+1"]
[EndTime "9:51:40 PST"]
[Termination "Msb2 won by checkmate"]

1. Nf3 d5 2. g3 Nd7 3. Bg2 e5 4. d3 Ngf6 5. O-O c6 6. Nbd2 Bd6 7. e4 O-O 8. Qe2 Re8 9. c3 a5 10. a4 Qc7 11. Rd1 Nc5 12. Nh4 Bg4 13. Bf3 Be6 14. Nf5 Bxf5 15. exf5 e4 16. dxe4 dxe4 17.
Bg2 Rad8 18. Nc4 Nb3 19. Nxd6 Nxc1 20. Raxc1 Rxd6 21. Qc4 Rxd1+ 22. Rxd1 Qe5 23. Re1 Qxf5 24. Qd4 h5 25. h3 h4 26. Re3 hxg3 27. fxg3 Qd5 28. Qxd5 cxd5 29. g4 Nd7 30. c4 dxc4 31. Rxe4 Rxe4 32. Bxe4 Nc5 33. Bc2 Nd3 34. Bxd3 cxd3 35.
Kf2 Kh7 36. Ke3 Kg6 37. Kxd3 Kg5 38. Ke3 Kh4 39. Kf4 Kxh3 40. Kf3 g5 41. b3 f6 42. Ke4 Kxg4 43. Kd5 f5 44. Kc5 f4 45. Kb5 f3 46. Kxa5 f2 47. Kb6 f1=Q 48. Kxb7 Qf3+ 49. Ka7 Qxb3 50. a5 Qb5 51. a6 Kf4 52. Ka8 Qxa6+ 53.
Kb8 Qc6 54. Ka7 Qb5 55. Ka8 g4 56. Ka7 g3 57. Ka8 g2 58. Ka7 Ke5 59. Ka8 Kd6 60. Ka7 Kc7 61. Ka8 Kc8 62. Ka7 g1=Q+ 63. Ka8 Qa1# 0-1

[Event "*** Titled Tuesday Blitz"]
[Site "Chess.com"]
[Date "2020.03.03"]
[Round "5"]
[White "AndreyNeves"]
[Black "vaishali2001"]
[Result "0-1"]
[WhiteElo "2183"]
[BlackElo "2507"]
[TimeControl "180+1"]
[EndTime "9:51:40 PST"]
[Termination "vaishali2001 won on time"]

1. d4 Nf6 2. c4 Nc6 3. Nf3 e6 4.
Nc3 Bb4 5. Bd2 O-O 6. a3 Bxc3 7. Bxc3 Ne4 8. Rc1 d6 9. Qc2 Nxc3 10. Qxc3 Re8 11. e4 e5 12. d5 Nd4 13. Be2 Qf6 14. Bd1 Qg6 15. O-O Qxe4 16. Re1 Nxf3+ 17.
Bxf3 Qg6 18. c5 Bf5 19. cxd6 cxd6 20. Qb4 e4 21. Be2 Re7 22. Rc3 h6 23. Rec1 Rae8 24. Rc7 Bh3 25. g3 Rxc7 26. Rxc7 e3 27. fxe3 Rxe3 28. Qd2 Rxg3+ 29. Kf2 Rg2+ 30. Ke3 Qg5+ 31. Kd3 Bf5+ 32. Kc3 Qxd2+ 33. Kxd2 Bg4 34. Rc8+ Bxc8 0-1